 Dungeon Crawl Stone Soup version 0.26-a0-708-g17f3b190f9 (webtiles) character file.

Game seed: 13350977072526672231

103 robertstho the Ruffian (level 4, -1/49 HPs)
             Began as a Troll Fighter on Oct 28, 2020.
             Slain by an orc (3 damage)
             ... on level 3 of the Dungeon.
             The game lasted 00:01:36 (1581 turns).

robertstho the Ruffian (Troll Fighter)              Turns: 1581, Time: 00:01:36

Health: -1/49      AC:  6    Str: 24    XL:     4   Next: 51%
Magic:  3/3        EV:  8    Int:  3    God:
Gold:   109        SH:  8    Dex:  9    Spells: 3/3 levels left

rFire    . . .     SeeInvis .     - Unarmed
rCold    . . .     Faith    .   b - +0 kite shield
rNeg     . . .     Spirit   .   a - +0 robe
rPois    .         Reflect  .   (helmet restricted)
rElec    .         Harm     .   (no cloak)
rCorr    .         Rampage  .   (gloves unavailable)
MR       .....                  (boots unavailable)
Stlth    +.........             (no amulet)
HPRegen  0.56/turn              (no ring)
MPRegen  0.08/turn              (no ring)

@: mighty, stab
A: large, unfitting armour, claws 3, horns 1, dopey 1, regeneration 1, robust 1,
shaggy fur 1, tough skin 3, evolution 1
a: no special abilities


You were on level 3 of the Dungeon.
You visited 1 branch of the dungeon, and saw 3 of its levels.

You collected 109 gold pieces.

Inventory:

Armour
 a - a +0 robe (worn)
 b - a +0 kite shield (worn)
Jewellery
 e - an uncursed ring of see invisible {unknown}
 f - a cursed -4 ring of strength {unknown}
 m - an uncursed ring of magical power {unknown}
Wands
 n - a wand of flame (18)
Scrolls
 d - a scroll of blinking {unknown}
 g - 3 scrolls of teleportation {unknown}
 h - a scroll of remove curse {unknown}
 k - a scroll of fog {unknown}
 o - a scroll of fear {unknown}
 p - a scroll of identify {unknown}
Potions
 l - a potion of curing {unknown}


   Skills:
 * Level 3.0 Fighting
 + Level 2.8 Dodging
 + Level 2.8 Shields
 * Level 3.4 Unarmed Combat


You had 3 spell levels left.
You didn't know any spells.
Your spell library was empty.

Dungeon Overview and Level Annotations

Branches:
Dungeon (3/15)

Altars:


Innate Abilities, Weirdness & Mutations

You are too large for most types of armour.
You have claws for hands.
Your natural rate of healing is unusually fast.
You are covered in fur. (AC +1)
You have extremely tough skin. (AC +3)
You have a pair of small horns on your head.
You are dopey. (Int -2)
You are robust. (+10% HP)
You evolve.


Message History

The orc priest hits you but does no damage.
You claw the orc priest!
You kill the orc priest!
You block the orc's attack. The orc hits you with a +0 dagger.
* * * LOW HITPOINT WARNING * * *
The orc hits you.
* * * LOW HITPOINT WARNING * * *
The orc hits you with a +0 dagger.
* * * LOW HITPOINT WARNING * * *
You block the orc's attack.
It was a potion of mutation.
You feel extremely strange.
You feel nature experimenting on you.
Don't worry, failures die fast.
You feel stupid.
You feel robust. A pair of horns grows on your head! The orc hits you.
* * * LOW HITPOINT WARNING * * *
The orc barely misses you. You block the orc's attack.
It was a potion of stabbing.
You feel ready to backstab. The orc hits you.
You die...

.# .# .# ### .# #.. .#
#.#######.#####.
#######.#..$...)......
......#.......@o##
.............)oo......
...#.#†......(.......
##.#.####(##........#
..........+........+
#.#.####.##?.......#
#.##........#
#.##........# #.#


You could see 3 orcs.

Vanquished Creatures
  An orc priest (D:3)
  An adder (D:2)
  An ooze (D:3)
  A worm (D:2)
  5 dart slugs
  A leopard gecko (D:1)
  An orc (D:3)
  2 giant cockroaches
  6 goblins
  6 hobgoblins
  7 bats
  8 kobolds
  4 rats
44 creatures vanquished.

Notes
Turn   | Place    | Note
-------+----------+-------------------------------------------
     0 | D:1      | robertstho the Troll Fighter began the quest for the Orb.
     0 | D:1      | Reached XP level 1. HP: 22/22 MP: 0/0
   309 | D:1      | Reached XP level 2. HP: 29/29 MP: 1/1
   725 | D:1      | Reached XP level 3. HP: 36/36 MP: 2/2
  1556 | D:3      | Reached XP level 4. HP: 44/45 MP: 3/3
  1579 | D:3      | HP: 2/45 [orc/+0 dagger (3)]
  1580 | D:3      | Gained mutation: You evolve. [potion of mutation]
  1580 | D:3      | Gained mutation: You are dopey. (Int -2) [potion of
                  | mutation]
  1580 | D:3      | Gained mutation: You are robust. (+10% HP) [potion of
                  | mutation]
  1580 | D:3      | Gained mutation: You have a pair of small horns on your
                  | head. [potion of mutation]
  1581 | D:3      | Slain by an orc

Illustrated notes

Levels and vault maps discovered:
D:1:      lightli_iron_boxes, layout_loops_corners
D:2:      layout_basic
D:3:      layout_basic

Skill      XL: |  1  2  3 |
---------------+----------+-----
Unarmed Combat | 3 |  3.4
Fighting       | 3 |  3.0
Dodging        | |  2.8
Shields        | |  2.8

Action                   |  1- 3 |  4- 6 || total
-------------------------+-------+-------++-------
Melee: Unarmed           |   113 |    11 ||   124
  Use: Potion            |       |     3 ||     3
 Stab: Sleeping          |     1 |       ||     1
Armor: Robe              |    47 |     8 ||    55
Dodge: Dodged            |    42 |     9 ||    51
Block: Kite shield       |    65 |     7 ||    72

Table legend: (Time is in decaauts)
 A = Elapsed time spent in this place.
 B = Non-inter-level travel time spent in this place.
 C = Inter-level travel time spent in this place.
 D = Time resting spent in this place.
 E = Time spent auto-exploring this place.
 F = Levels seen in this place.
 G = Mean time per level.
                   A        B        C        D        E       F      G
               +--------+--------+--------+--------+--------+-----+--------+
         Total |   1583 |   1498 |     85 |    136 |   1081 |   3 |  527.7 |
       Dungeon |   1583 |   1498 |     85 |    136 |   1081 |   3 |  527.7 |
               +--------+--------+--------+--------+--------+-----+--------+

Top non-repeatable levels by time:
     D:1: 898 daAuts
     D:2: 593 daAuts
     D:3: 91 daAuts
